[Event "ICC tourney 2837 (30 10)"]
[Site "Internet Chess Club"]
[Date "2022.02.27"]
[Round "1"]
[White "AKULA, MAHIT:Judtyr123"]
[Black "YADHUNANDAN, ADIDEV:Yadhunandan"]
[Result "1-0"]
[ICCResult "Black checkmated"]
[WhiteElo "1255"]
[BlackElo "808"]
[Opening "Pirc defense"]
[ECO "B07"]
[NIC "PU.08"]
[Time "13:01:21"]
[PlyCount "69"]
[TimeControl "1800+10"]

1. e4 d6 2. d4 Nf6 3. Nc3 e5 4. dxe5 dxe5 5. Qxd8+ Kxd8 6. Bg5 Be7 7. O-O-O+
Nbd7 8. Bc4 Rf8 9. Nf3 Ng4 10. Rd2 h6 11. Bxe7+ Kxe7 12. Nd5+ Kd8 13. Rhd1
Re8 14. h3 Ngf6 15. Nxf6 gxf6 16. Bxf7 Re7 17. Bb3 Ke8 18. Nh4 b6 19. Nf5
Rh7 20. Bd5 Rb8 21. Bc6 Bb7 22. Bxd7+ Kf7 23. Nh4 Bxe4 24. Bf5 Bxf5 25. Nxf5
Kg6 26. Ng3 Rg8 27. Rd7 Rxd7 28. Rxd7 Rc8 29. Kd2 a5 30. Ke3 c5 31. Rb7 Rc6
32. Ke4 Rd6 33. Nf5 Rd2 34. Rg7+ Kh5 35. g4# {Black checkmated} 1-0

[Event "ICC tourney 2837 (30 10)"]
[Site "Internet Chess Club"]
[Date "2022.02.27"]
[Round "1"]
[White "ASHOK, AMUDHAN:amudhanashok"]
[Black "PADIYAR, SUNMAY:sunmay12"]
[Result "0-1"]
[ICCResult "White resigns"]
[WhiteElo "950"]
[BlackElo "1320"]
[Opening "Queen's pawn: Chigorin variation"]
[ECO "D00"]
[NIC "QP.08"]
[Time "13:00:55"]
[PlyCount "92"]
[TimeControl "1800+10"]

1. d4 d5 2. Nc3 Nf6 3. Nf3 c5 4. e3 Nc6 5. h3 e6 6. Bb5 a6 7. Ba4 b5 8. Bb3
c4 9. Ba4 bxa4 10. Nxa4 Be7 11. Nc3 O-O 12. O-O Bb4 13. Bd2 Bxc3 14. Bxc3
Ne4 15. Qe2 Nxc3 16. bxc3 Re8 17. Rfd1 Qf6 18. e4 Bd7 19. Rab1 Rab8 20. Ra1
h6 21. e5 Qg6 22. Qd2 Rb2 23. Rdc1 Ne7 24. a3 Ba4 25. Ne1 Nf5 26. Rab1 Reb8
27. Rxb2 Rxb2 28. Qf4 Ne7 29. Qd2 Ra2 30. Kh1 Rxa3 31. Kg1 Ra2 32. Kh1 a5
33. Kg1 f6 34. exf6 Qxf6 35. Nf3 Qf5 36. Ne1 Nc8 37. Qe3 Nd6 38. Rb1 Bxc2
39. Nxc2 Rxc2 40. Rb6 Ne4 41. f3 Nxc3 42. Rxe6 Re2 43. Qxe2 Nxe2+ 44. Rxe2
a4 45. Kf2 a3 46. g3 Qb1 {White resigns} 0-1

[Event "ICC tourney 2837 (30 10)"]
[Site "Internet Chess Club"]
[Date "2022.02.27"]
[Round "1"]
[White "THAPER, RISHUBH:MajorKey"]
[Black "BOGIN, THEODORE:tbogin1"]
[Result "0-1"]
[ICCResult "White checkmated"]
[WhiteElo "1123"]
[BlackElo "1339"]
[Opening "Robatsch (modern) defense"]
[ECO "A40"]
[NIC "KF.05"]
[Time "13:01:05"]
[PlyCount "74"]
[TimeControl "1800+10"]

1. d4 g6 2. e4 Bg7 3. c3 c6 4. Bd3 d5 5. e5 h5 6. Nf3 Nh6 7. Bg5 O-O 8. Qd2
Nf5 9. Bxf5 Bxf5 10. Nh4 Bxb1 11. Rxb1 f6 12. Bh6 Qe8 13. e6 f5 14. Bxg7
Kxg7 15. Nf3 Rf6 16. Ng5 Na6 17. O-O Nc7 18. Rfe1 Qg8 19. Qe3 Rd8 20. Qe5
Rd6 21. Nf7 Rxe6 22. Qxc7 Qxf7 23. Qxb7 Rxe1+ 24. Rxe1 Re6 25. Re5 Rxe5 26.
dxe5 Qe6 27. f4 a5 28. Qa6 d4 29. Qxa5 d3 30. Qd8 c5 31. Qxd3 Qxa2 32. Qc2
Qa1+ 33. Kf2 Qh1 34. Kg3 h4+ 35. Kh3 Qf1 36. Kxh4 Qxf4+ 37. Kh3 Qg4#
{White checkmated}
0-1

[Event "ICC tourney 2837 (30 10)"]
[Site "Internet Chess Club"]
[Date "2022.02.27"]
[Round "1"]
[White "HIBBS, ROBERT:BotanicalKnight"]
[Black "WESLEY, GEORGE:Maglars"]
[Result "1-0"]
[ICCResult "Black checkmated"]
[WhiteElo "1332"]
[BlackElo "1061"]
[Opening "Scandinavian (center counter) defense"]
[ECO "B01"]
[NIC "VO.17"]
[Time "13:00:53"]
[PlyCount "79"]
[TimeControl "1800+10"]

1. e4 d5 2. e5 Bf5 3. f4 Nc6 4. Nf3 e6 5. d3 Bc5 6. d4 Bb6 7. c3 Nge7 8. g3
Qd7 9. Bg2 h6 10. O-O O-O 11. h3 Na5 12. g4 Be4 13. Nbd2 Bxf3 14. Qxf3 c5
15. dxc5 Bxc5+ 16. Kh1 Nac6 17. Nb3 Bb6 18. Be3 Ng6 19. Nc5 Qe7 20. Nd3 Nh4
21. Qg3 Nxg2 22. Kxg2 Bxe3 23. Qxe3 b6 24. f5 Qe8 25. f6 Rd8 26. fxg7 Kxg7
27. Rf6 Rh8 28. Raf1 Rd7 29. Nf4 Kg8 30. Nh5 Kf8 31. Rxh6 Rxh6 32. Qxh6+ Ke7
33. Nf6 Qa8 34. Nxd7 Kxd7 35. Rxf7+ Ne7 36. Kg3 Qe8 37. Qf6 b5 38. g5 Qg8
39. Qxe7+ Kc6 40. Qd6# {Black checkmated} 1-0

[Event "ICC tourney 2837 (30 10)"]
[Site "Internet Chess Club"]
[Date "2022.02.27"]
[Round "1"]
[White "Romanyuk, Nikita:NikitaR"]
[Black "AYYAPPAN, ANUSHKA:Anushkaa"]
[Result "1-0"]
[ICCResult "Black checkmated"]
[WhiteElo "798"]
[BlackElo "1251"]
[Opening "Scotch game"]
[ECO "C45"]
[NIC "SO.04"]
[Time "13:00:56"]
[PlyCount "149"]
[TimeControl "1800+10"]

1. e4 e5 2. Nf3 Nc6 3. d4 exd4 4. Nxd4 Nxd4 5. Qxd4 Ne7 6. Nc3 Nc6 7. Qd1
Bc5 8. Bc4 O-O 9. O-O d6 10. Re1 Be6 11. Bxe6 fxe6 12. Be3 Bxe3 13. Rxe3 e5
14. Nd5 Ne7 15. Rg3 c6 16. Qg4 Ng6 17. Ne3 Rf4 18. Qe6+ Kh8 19. Rg4 Rf6 20.
Qb3 Rb8 21. Nf5 d5 22. Rd1 Qc8 23. Rg3 dxe4 24. Ne3 Nf4 25. Kf1 Qf8 26. Rd2
b6 27. Ng4 Rf5 28. Rc3 Rc8 29. Qa4 Rd8 30. Rxd8 Qxd8 31. Qxe4 Qd1+ 32. Qe1
Qxe1+ 33. Kxe1 c5 34. g3 Nd5 35. Rd3 e4 36. Ra3 h5 37. Ne3 Nxe3 38. Rxe3 Re5
39. f3 Kg8 40. Rxe4 Rf5 41. Ke2 Kf7 42. Ke3 Rd5 43. h3 Rd1 44. Ra4 a5 45.
Kf4 Rh1 46. h4 Rb1 47. b3 Rc1 48. Kg5 Rxc2 49. Kxh5 Re2 50. Rf4+ Kg8 51. Ra4
Re5+ 52. Kg4 Rd5 53. f4 Rd2 54. Kg5 Rd3 55. g4 Rd4 56. Kf5 Rxa4 57. bxa4 Kf7
58. Ke4 Ke6 59. f5+ Kf6 60. g5+ Kf7 61. Ke5 Ke7 62. h5 Kf7 63. h6 Kg8 64. f6
gxf6+ 65. gxf6 c4 66. Kd4 b5 67. axb5 a4 68. b6 a3 69. b7 c3 70. Kxc3 Kh7
71. b8=Q Kxh6 72. f7 Kg6 73. f8=Q Kh7 74. Qg8+ Kh6 75. Qh2# {Black
checkmated} 1-0

[Event "ICC tourney 2837 (30 10)"]
[Site "Internet Chess Club"]
[Date "2022.02.27"]
[Round "2"]
[White "WESLEY, GEORGE:Maglars"]
[Black "ASHOK, AMUDHAN:amudhanashok"]
[Result "1/2-1/2"]
[ICCResult "Game drawn by mutual agreement"]
[WhiteElo "1061"]
[BlackElo "950"]
[Opening "English: Carls' Bremen system"]
[ECO "A22"]
[NIC "EO.10"]
[Time "15:00:10"]
[PlyCount "37"]
[TimeControl "1800+10"]

1. c4 e5 2. Nc3 Nf6 3. g3 Bc5 4. Bg2 c6 5. e3 d6 6. Nge2 O-O 7. O-O h6 8. b3
Re8 9. Bb2 Nbd7 10. d4 Bb6 11. Qc2 Nf8 12. Rad1 Ng6 13. c5 Bc7 14. cxd6 Bxd6
15. Ne4 Bf5 16. Nxf6+ Qxf6 17. Qd2 Rad8 18. Nc3 exd4 19. exd4
{Game drawn by mutual agreement}
1/2-1/2

[Event "ICC tourney 2837 (30 10)"]
[Site "Internet Chess Club"]
[Date "2022.02.27"]
[Round "2"]
[White "BOGIN, THEODORE:tbogin1"]
[Black "AKULA, MAHIT:Judtyr123"]
[Result "0-1"]
[ICCResult "White resigns"]
[WhiteElo "1339"]
[BlackElo "1255"]
[Opening "Caro-Kann: classical, 6.h4"]
[ECO "B18"]
[NIC "CK.11"]
[Time "15:00:22"]
[PlyCount "98"]
[TimeControl "1800+10"]

1. e4 c6 2. d4 d5 3. Nc3 dxe4 4. Nxe4 Bf5 5. Ng3 Bg6 6. h4 h6 7. h5 Bh7 8.
Nf3 e6 9. Bc4 Nf6 10. O-O Bd6 11. Ne5 O-O 12. f4 c5 13. c3 cxd4 14. cxd4 Qc7
15. Bd3 Nc6 16. Bxh7+ Nxh7 17. Be3 Rac8 18. Qg4 Nf6 19. Qf3 Nd5 20. f5 Nxe5
21. dxe5 Bxe5 22. Ne4 exf5 23. Nf2 f4 24. Bxa7 Rfd8 25. Ng4 b6 26. Nxe5 Qxe5
27. Rad1 Ra8 28. Rfe1 Qg5 29. Rxd5 Qxd5 30. Re8+ Rxe8 31. Qxd5 Rxa7 32. a3
Rc7 33. Qb5 Re6 34. b4 Rc1+ 35. Kh2 Rce1 36. Kh3 R6e5 37. Qxb6 Rxh5+ 38. Kg4
Rg5+ 39. Kxf4 Rxg2 40. Qa6 Rf2+ 41. Kg3 Rf6 42. Qc8+ Kh7 43. Qc2+ g6 44. b5
Re3+ 45. Kg2 Rxa3 46. Qb2 Rff3 47. b6 Rg3+ 48. Kf2 Raf3+ 49. Ke1 Rg1+
{White resigns}
0-1

[Event "ICC tourney 2837 (30 10)"]
[Site "Internet Chess Club"]
[Date "2022.02.27"]
[Round "2"]
[White "AYYAPPAN, ANUSHKA:Anushkaa"]
[Black "THAPER, RISHUBH:MajorKey"]
[Result "1-0"]
[ICCResult "Black resigns"]
[WhiteElo "1251"]
[BlackElo "1123"]
[Opening "Giuoco Piano"]
[ECO "C50"]
[NIC "IG.02"]
[Time "15:00:37"]
[PlyCount "57"]
[TimeControl "1800+10"]

1. e4 e5 2. Nf3 Nc6 3. Bc4 Bc5 4. O-O Nf6 5. d3 O-O 6. Nc3 h6 7. h3 d6 8.
Na4 Bb6 9. Nxb6 axb6 10. c3 Be6 11. Bxe6 fxe6 12. Re1 Qe8 13. d4 exd4 14.
cxd4 e5 15. d5 Ne7 16. Nh2 Qg6 17. Qd3 Ra4 18. f3 Nh5 19. Qc2 Qg3 20. Be3
Rxa2 21. Bf2 Qg6 22. Rxa2 Nf4 23. Be3 Nxh3+ 24. Kh1 Nf4 25. Bxf4 Rxf4 26.
Ra8+ Kh7 27. Qf2 Qh5 28. g3 Rxf3 29. Qxf3 {Black resigns} 1-0

[Event "ICC tourney 2837 (30 10)"]
[Site "Internet Chess Club"]
[Date "2022.02.27"]
[Round "2"]
[White "PADIYAR, SUNMAY:sunmay12"]
[Black "HIBBS, ROBERT:BotanicalKnight"]
[Result "0-1"]
[ICCResult "White checkmated"]
[WhiteElo "1320"]
[BlackElo "1332"]
[Opening "Caro-Kann: advance variation"]
[ECO "B12"]
[NIC "CK.04"]
[Time "15:00:27"]
[PlyCount "80"]
[TimeControl "1800+10"]

1. e4 c6 2. d4 d5 3. e5 Bf5 4. Nf3 e6 5. Be2 Qb6 6. O-O Nd7 7. Qe1 Bxc2 8.
Bd2 Ne7 9. Ba5 Qxb2 10. Bc3 Qb6 11. Qd2 Bxb1 12. Ba5 Qxa5 13. Qxa5 Bg6 14.
Qd2 Nc8 15. Bd3 Ndb6 16. Bxg6 hxg6 17. Ng5 Be7 18. Qf4 Bxg5 19. Qxg5 Ne7 20.
Rab1 Nf5 21. Rfd1 Rh5 22. Qd2 Nc4 23. Qc1 Rh4 24. Rxb7 Nxd4 25. Qg5 Nf5 26.
g4 Nxe5 27. gxf5 Nf3+ 28. Kg2 Nxg5 29. fxg6 fxg6 30. Rxg7 Kf8 31. Rc7 Rc4
32. Rd3 a5 33. Rg3 Ne4 34. Rxg6 Rc2 35. Rh7 Rxf2+ 36. Kh3 Ra6 37. Rb7 c5 38.
Rgg7 e5 39. Rgc7 Rh6+ 40. Kg4 Rf4# {White checkmated} 0-1

[Event "ICC tourney 2837 (30 10)"]
[Site "Internet Chess Club"]
[Date "2022.02.27"]
[Round "2"]
[White "LAIDO, MATTHEW:Dabao"]
[Black "Romanyuk, Nikita:NikitaR"]
[Result "0-1"]
[ICCResult "White forfeits on time"]
[WhiteElo "1137"]
[BlackElo "798"]
[Opening "French: advance, Paulsen attack"]
[ECO "C02"]
[NIC "FR.03"]
[Time "15:00:37"]
[PlyCount "78"]
[TimeControl "1800+10"]

1. e4 e6 2. d4 d5 3. e5 c5 4. c3 Nc6 5. Nf3 Qb6 6. Na3 Bd7 7. Nc2 c4 8. Be2
Na5 9. O-O Ne7 10. a3 Nb3 11. Rb1 Nxc1 12. Qxc1 Ba4 13. Qd2 Nc6 14. Nb4 Nxb4
15. axb4 a5 16. bxa5 Rxa5 17. Bd1 Bxd1 18. Rfxd1 Be7 19. Ra1 O-O 20. h3 Rfa8
21. Rxa5 Rxa5 22. Rb1 Rb5 23. Qc2 h6 24. Kh2 Ba3 25. Nd2 Rxb2 26. Rxb2 Qxb2
27. Qxb2 Bxb2 28. Nb1 f6 29. exf6 gxf6 30. f4 Kg7 31. g3 Kg6 32. h4 h5 33.
Kg2 Kf5 34. Kf3 e5 35. fxe5 fxe5 36. dxe5 Kxe5 37. g4 hxg4+ 38. Kxg4 d4 39.
cxd4+ Bxd4 {White forfeits on time} 0-1

[Event "ICC tourney 2837 (30 10)"]
[Site "Internet Chess Club"]
[Date "2022.02.27"]
[Round "3"]
[White "Romanyuk, Nikita:NikitaR"]
[Black "BOGIN, THEODORE:tbogin1"]
[Result "1-0"]
[ICCResult "Black resigns"]
[WhiteElo "798"]
[BlackElo "1339"]
[Opening "Sicilian: Canal-Sokolsky attack, 3...Bd7"]
[ECO "B52"]
[NIC "SI.01"]
[Time "17:00:39"]
[PlyCount "89"]
[TimeControl "1800+10"]

1. e4 c5 2. Nf3 d6 3. Bb5+ Bd7 4. Bxd7+ Qxd7 5. O-O Nc6 6. c3 e5 7. Re1 Nf6
8. d4 cxd4 9. cxd4 Be7 10. dxe5 dxe5 11. Qxd7+ Nxd7 12. Nc3 O-O 13. Nd5 Bb4
14. Rd1 Nc5 15. Nxb4 Nxb4 16. Nxe5 Nxe4 17. Re1 Nc2 18. Rxe4 Nxa1 19. Re2
Rac8 20. Nd3 Rfd8 21. Bd2 Rxd3 22. h3 Nc2 23. Bc3 Rdxc3 24. bxc3 Na3 25. Re7
g6 26. Rxb7 Rxc3 27. Rxa7 Rc1+ 28. Kh2 Nc4 29. Rc7 Rc2 30. a4 Na3 31. Rxc2
Nxc2 32. a5 Nb4 33. g4 Kf8 34. Kg3 Ke7 35. Kf4 Ke6 36. Kg5 Ke5 37. f4+ Ke4
38. f5 Ke5 39. fxg6 hxg6 40. h4 Nd5 41. a6 Nc7 42. a7 f5 43. gxf5 gxf5 44.
h5 f4 45. h6 {Black resigns} 1-0

[Event "ICC tourney 2837 (30 10)"]
[Site "Internet Chess Club"]
[Date "2022.02.27"]
[Round "3"]
[White "HIBBS, ROBERT:BotanicalKnight"]
[Black "AKULA, MAHIT:Judtyr123"]
[Result "0-1"]
[ICCResult "White forfeits on time"]
[WhiteElo "1332"]
[BlackElo "1255"]
[Opening "Caro-Kann defense"]
[ECO "B10"]
[NIC "CK.01"]
[Time "17:00:30"]
[PlyCount "68"]
[TimeControl "1800+10"]

1. e4 c6 2. f4 d5 3. e5 Bf5 4. Nf3 e6 5. d3 c5 6. Nc3 Nc6 7. g3 d4 8. Ne4 c4
9. Bg2 Bxe4 10. dxe4 Bb4+ 11. Bd2 Bxd2+ 12. Qxd2 Qb6 13. O-O Nge7 14. Kh1
O-O 15. Rab1 Rac8 16. Rfd1 Rfd8 17. g4 d3 18. c3 Ng6 19. h4 Nf8 20. f5 Nd7
21. f6 Ndxe5 22. Qg5 Ng6 23. h5 h6 24. Qd2 Nge5 25. g5 Qc5 26. gxh6 gxf6 27.
Qf4 Nd7 28. Qg4+ Kf8 29. h7 Ke7 30. Rd2 Nce5 31. Nxe5 Qxe5 32. Rg1 Rh8 33.
Qh4 Rxh7 34. h6 Rch8 {White forfeits on time} 0-1

[Event "ICC tourney 2837 (30 10)"]
[Site "Internet Chess Club"]
[Date "2022.02.27"]
[Round "3"]
[White "ASHOK, AMUDHAN:amudhanashok"]
[Black "LAIDO, MATTHEW:Dabao"]
[Result "1-0"]
[ICCResult "Black checkmated"]
[WhiteElo "950"]
[BlackElo "1137"]
[Opening "Queen's pawn: Chigorin variation"]
[ECO "D00"]
[NIC "QP.08"]
[Time "17:00:20"]
[PlyCount "157"]
[TimeControl "1800+10"]

1. d4 d5 2. Nc3 e6 3. a3 Nf6 4. Bf4 c5 5. e3 Nc6 6. Nf3 b6 7. Be2 Be7 8. O-O
Bb7 9. Re1 O-O 10. h3 Rc8 11. Rb1 Qd7 12. Bb5 a6 13. Ne5 Qd8 14. Bxc6 Bxc6
15. Nxc6 Rxc6 16. Qe2 c4 17. Rbd1 Re8 18. Qf3 h6 19. Qg3 Nh5 20. Qg4 Nxf4
21. Qxf4 Bg5 22. Qg4 b5 23. e4 Rc8 24. exd5 exd5 25. Rxe8+ Qxe8 26. Nxd5 Qc6
27. Nc3 Re8 28. d5 Qf6 29. d6 Rd8 30. d7 Qe7 31. Nd5 Qc5 32. Qf5 Qa7 33. Nb4
Qb7 34. Qe5 Qb8 35. Qxb8 Rxb8 36. Nc6 Rf8 37. d8=Q Bxd8 38. Rxd8 Rxd8 39.
Nxd8 Kf8 40. Nc6 Ke8 41. Nb8 Kd8 42. Nxa6 Kd7 43. Nc5+ Kc6 44. Ne4 Kd5 45.
Nd2 Kd4 46. Kf1 c3 47. Nf3+ Kc4 48. bxc3 Kxc3 49. Ke2 Kxc2 50. Nd4+ Kb2 51.
Nxb5 Kb3 52. Nd6 f6 53. Nf7 Kxa3 54. Ke3 Kb4 55. f4 Kc5 56. Ke4 Kc6 57. Kf5
Kd7 58. Kg6 Ke6 59. Kxg7 Kf5 60. Nxh6+ Kxf4 61. Kg6 Kg3 62. h4 Kxh4 63. Nf5+
Kg4 64. Ne3+ Kg3 65. Kxf6 Kf4 66. Kg6 Kg3 67. Kg5 Kf2 68. g4 Kxe3 69. Kf6
Kf4 70. g5 Kg4 71. g6 Kh5 72. Kf7 Kh6 73. g7 Kh7 74. g8=Q+ Kh6 75. Qg1 Kh5
76. Kf6 Kh4 77. Kf5 Kh3 78. Kf4 Kh4 79. Qg4# {Black checkmated} 1-0

[Event "ICC tourney 2837 (30 10)"]
[Site "Internet Chess Club"]
[Date "2022.02.27"]
[Round "3"]
[White "AYYAPPAN, ANUSHKA:Anushkaa"]
[Black "PADIYAR, SUNMAY:sunmay12"]
[Result "1-0"]
[ICCResult "Black resigns"]
[WhiteElo "1251"]
[BlackElo "1320"]
[Opening "Giuoco Piano"]
[ECO "C50"]
[NIC "IG.02"]
[Time "17:01:15"]
[PlyCount "141"]
[TimeControl "1800+10"]

1. e4 e5 2. Nf3 Nc6 3. Bc4 Bc5 4. O-O Nf6 5. d3 h6 6. c3 d6 7. h3 Bd7 8. Be3
Bb6 9. Bxb6 axb6 10. Re1 Na5 11. Nbd2 Nxc4 12. Nxc4 O-O 13. d4 exd4 14. cxd4
b5 15. Ncd2 Re8 16. Qc2 Rc8 17. Rac1 c5 18. dxc5 dxc5 19. Rcd1 Qb6 20. e5
Nd5 21. Ne4 Be6 22. Nd6 Red8 23. Nxc8 Rxc8 24. a3 b4 25. Rc1 bxa3 26. bxa3
c4 27. Qe4 c3 28. Nd4 Rc4 29. Red1 Qa7 30. g3 Qa4 31. h4 g6 32. Qd3 Kg7 33.
Nc2 Bf5 34. Qxd5 Bxc2 35. Re1 Be4 36. Qd6 Bc6 37. Qf6+ Kg8 38. e6 Be8 39.
exf7+ Bxf7 40. Rxc3 Rxc3 41. Qxc3 Qg4 42. Rc1 Be6 43. Qe5 Qh3 44. Qe4 Kf7
45. Qxb7+ Kf6 46. Qf3+ Ke7 47. Rc7+ Kd6 48. Qf4+ Kd5 49. Qc4+ Ke5 50. Qf4+
Kd5 51. Rc4 Bf5 52. Qd4+ Ke6 53. Rc6+ Kf7 54. Qf6+ Ke8 55. Qe5+ Kd8 56. Rd6+
Bd7 57. a4 Qg4 58. Qf4 Qe2 59. Qd2 Qg4 60. a5 Kc7 61. Rd4 Qf5 62. Qf4+ Qxf4
63. Rxf4 Kb7 64. Rf7 Kc8 65. Rxd7 Kxd7 66. Kg2 Kc6 67. Kf3 Kb5 68. Ke4 Kxa5
69. Ke5 Kb6 70. Kf6 Kc6 71. Kxg6 {Black resigns} 1-0

[Event "ICC tourney 2837 (30 10)"]
[Site "Internet Chess Club"]
[Date "2022.02.27"]
[Round "4"]
[White "THAPER, RISHUBH:MajorKey"]
[Black "ASHOK, AMUDHAN:amudhanashok"]
[Result "1-0"]
[ICCResult "Black checkmated"]
[WhiteElo "1123"]
[BlackElo "950"]
[Opening "Queen's pawn game"]
[ECO "D02"]
[NIC "QP.08"]
[Time "19:00:15"]
[PlyCount "55"]
[TimeControl "1800+10"]

1. d4 d5 2. Nf3 Bf5 3. c4 c6 4. Nc3 Nf6 5. Bf4 e6 6. e3 Be7 7. Nh4 Bg6 8.
Nxg6 hxg6 9. h3 O-O 10. Bd3 Nbd7 11. cxd5 cxd5 12. Rc1 Rc8 13. O-O Nb6 14.
Qb3 Re8 15. Rfd1 Nh5 16. Bh2 Bd6 17. Bxd6 Qxd6 18. Nb5 Qd7 19. Nxa7 Rxc1 20.
Rxc1 Ra8 21. Qxb6 Qa4 22. Nb5 Qxa2 23. Qxb7 Qxb2 24. Qxa8+ Kh7 25. Rc8 Kh6
26. Rh8+ Kg5 27. f4+ Kf6 28. Qd8# {Black checkmated} 1-0

[Event "ICC tourney 2837 (30 10)"]
[Site "Internet Chess Club"]
[Date "2022.02.27"]
[Round "4"]
[White "AKULA, MAHIT:Judtyr123"]
[Black "Romanyuk, Nikita:NikitaR"]
[Result "1-0"]
[ICCResult "Black checkmated"]
[WhiteElo "1255"]
[BlackElo "798"]
[Opening "French: advance, Milner-Barry gambit"]
[ECO "C02"]
[NIC "FR.03"]
[Time "19:00:10"]
[PlyCount "73"]
[TimeControl "1800+10"]

1. e4 e6 2. d4 d5 3. e5 c5 4. c3 Nc6 5. Nf3 Qb6 6. Bd3 c4 7. Bc2 Bd7 8. O-O
Na5 9. Nbd2 Ne7 10. b4 Nac6 11. a4 Nc8 12. a5 Qc7 13. Ba4 a6 14. h3 b6 15.
axb6 Nxb6 16. Bc2 a5 17. bxa5 Rxa5 18. Rxa5 Nxa5 19. Re1 Be7 20. Nf1 Qc6 21.
Ng3 Na4 22. Bd2 Kd8 23. Bxa4 Qxa4 24. Qxa4 Bxa4 25. Ra1 Bb3 26. Rxa5 Re8 27.
Ra8+ Kd7 28. Rxe8 Kxe8 29. Bg5 Ba3 30. Nh5 Kf8 31. Bd2 Ke7 32. Nxg7 f6 33.
exf6+ Kxf6 34. Nh5+ Kf5 35. g4+ Ke4 36. Ne5 Bd6 37. f3# {Black checkmated}
1-0

[Event "ICC tourney 2837 (30 10)"]
[Site "Internet Chess Club"]
[Date "2022.02.27"]
[Round "4"]
[White "HIBBS, ROBERT:BotanicalKnight"]
[Black "AYYAPPAN, ANUSHKA:Anushkaa"]
[Result "1/2-1/2"]
[ICCResult "Game drawn by repetition"]
[WhiteElo "1332"]
[BlackElo "1251"]
[Opening "Bishop's opening: Berlin defense"]
[ECO "C24"]
[NIC "IG.04"]
[Time "19:00:46"]
[PlyCount "78"]
[TimeControl "1800+10"]

1. e4 e5 2. Bc4 Nf6 3. d3 Nc6 4. Nc3 Be7 5. f4 exf4 6. Bxf4 d6 7. Nf3 Na5 8.
Bb3 Nxb3 9. axb3 O-O 10. O-O a6 11. h3 c6 12. g4 Nd7 13. Qd2 f6 14. Qg2 Ne5
15. Kh1 Ng6 16. Bd2 Be6 17. Nd4 Bf7 18. Nf5 Be6 19. Ne2 Bxf5 20. gxf5 Ne5
21. Rg1 Rf7 22. Nf4 Kh8 23. Ne6 Qg8 24. Raf1 g6 25. d4 Nd7 26. fxg6 hxg6 27.
Qxg6 Qxg6 28. Rxg6 Rh7 29. Rh6 Rxh6 30. Bxh6 Kg8 31. Rg1+ Kf7 32. d5 cxd5
33. exd5 Rh8 34. Rg7+ Ke8 35. Nc7+ Kd8 36. Ne6+ Ke8 37. Nc7+ Kd8 38. Ne6+
Ke8 39. Nc7+ Kd8 {Game drawn by repetition} 1/2-1/2

[Event "ICC tourney 2837 (30 10)"]
[Site "Internet Chess Club"]
[Date "2022.02.27"]
[Round "4"]
[White "PADIYAR, SUNMAY:sunmay12"]
[Black "LAIDO, MATTHEW:Dabao"]
[Result "1-0"]
[ICCResult "Black forfeits on time"]
[WhiteElo "1320"]
[BlackElo "1137"]
[Opening "Vienna gambit"]
[ECO "C29"]
[NIC "VG.04"]
[Time "19:05:44"]
[PlyCount "77"]
[TimeControl "1800+10"]

1. e4 e5 2. Nc3 Nf6 3. f4 d6 4. Nf3 Nc6 5. Bc4 Bd7 6. Ng5 Be6 7. Bxe6 fxe6
8. Nxe6 Qe7 9. Nb5 Rc8 10. Nxf8 Rxf8 11. d3 a6 12. Nc3 Kf7 13. O-O Kg8 14.
Be3 Rce8 15. f5 Nd8 16. Bg5 c6 17. Rf3 Nf7 18. Be3 Rd8 19. Rg3 d5 20. exd5
Nxd5 21. Nxd5 cxd5 22. Qd2 Qf6 23. Rf1 d4 24. Bg5 Nxg5 25. Rxg5 Qh6 26. Rf3
Rd6 27. Rh3 Qf6 28. Rgh5 h6 29. Rg3 Kf7 30. Qb4 Rb6 31. Qc4+ Ke7 32. Qc7+
Ke8 33. Rxg7 Rd6 34. Rg6 Qe7 35. Qxd6 Qxd6 36. Rxd6 Ke7 37. Rhxh6 Rxf5 38.
Rb6 Rf4 39. Rxb7+ {Black forfeits on time} 1-0

[Event "ICC tourney 2837 (30 10)"]
[Site "Internet Chess Club"]
[Date "2022.02.27"]
[Round "5"]
[White "LAIDO, MATTHEW:Dabao"]
[Black "YADHUNANDAN, ADIDEV:Yadhunandan"]
[Result "1-0"]
[ICCResult "Black checkmated"]
[WhiteElo "1137"]
[BlackElo "808"]
[Opening "Giuoco Pianissimo: Italian four knights variation"]
[ECO "C55"]
[NIC "IG.01"]
[Time "21:01:08"]
[PlyCount "65"]
[TimeControl "1800+10"]

1. e4 e5 2. Nf3 Nc6 3. Bc4 Nf6 4. d3 Bc5 5. Nc3 Ng4 6. O-O Nd4 7. Nxd4 Bxd4
8. Qxg4 O-O 9. Bh6 Qf6 10. Bg5 Qg6 11. Nd5 Qd6 12. Be7 Qg6 13. Qxg6 hxg6 14.
Bxf8 Kxf8 15. Nxc7 Rb8 16. c3 Bb6 17. Nb5 a6 18. Nd6 Bc5 19. Nxf7 b5 20. Bd5
Bb7 21. Bxb7 Rxb7 22. Ng5 d6 23. Ne6+ Ke7 24. Nxc5 Rb6 25. Nb3 b4 26. c4 Kd7
27. f4 exf4 28. Rxf4 g5 29. Rf7+ Kc6 30. Rxg7 g4 31. Nd4+ Kc5 32. Ne6+ Kc6
33. Rc7# {Black checkmated} 1-0

[Event "ICC tourney 2837 (30 10)"]
[Site "Internet Chess Club"]
[Date "2022.02.27"]
[Round "5"]
[White "AYYAPPAN, ANUSHKA:Anushkaa"]
[Black "AKULA, MAHIT:Judtyr123"]
[Result "1/2-1/2"]
[ICCResult "Game drawn because neither player has mating material"]
[WhiteElo "1251"]
[BlackElo "1255"]
[Opening "Caro-Kann: exchange variation"]
[ECO "B13"]
[NIC "CK.02"]
[Time "21:01:08"]
[PlyCount "105"]
[TimeControl "1800+10"]

1. e4 c6 2. d4 d5 3. exd5 cxd5 4. Nf3 Nf6 5. Bd3 Bg4 6. h3 Bh5 7. g4 Bg6 8.
Bb5+ Nc6 9. Ne5 Qc7 10. Nc3 e6 11. Nxg6 hxg6 12. Be3 Bb4 13. Bd2 a6 14.
Bxc6+ Qxc6 15. Qe2 Bxc3 16. Bxc3 Ne4 17. Bb4 Qb6 18. c3 Rc8 19. h4 Qc7 20.
O-O-O Qf4+ 21. Kb1 Qxf2 22. Qe1 Qxe1 23. Rdxe1 b6 24. Rh2 a5 25. Ba3 Nf6 26.
g5 Ne4 27. Ree2 b5 28. Rc2 Kd7 29. Kc1 Rc4 30. b4 axb4 31. Bxb4 Rhc8 32. Rh3
Nd6 33. Bxd6 Kxd6 34. Rf3 Ke7 35. Kd2 b4 36. Re3 bxc3+ 37. Rexc3 Rxd4+ 38.
Kc1 Rxc3 39. Rxc3 Rc4 40. Kd2 Kd6 41. Rf3 Rxh4 42. Rxf7 Rh2+ 43. Ke3 Rxa2
44. Rxg7 Rg2 45. Rxg6 Ke5 46. Kf3 Rg1 47. Kf2 Rg4 48. Kf3 Kf5 49. Rf6+ Kxg5
50. Rxe6 Rd4 51. Ke3 Re4+ 52. Rxe4 dxe4 53. Kxe4
{Game drawn because neither player has mating material}
1/2-1/2

[Event "ICC tourney 2837 (30 10)"]
[Site "Internet Chess Club"]
[Date "2022.02.27"]
[Round "5"]
[White "WESLEY, GEORGE:Maglars"]
[Black "PADIYAR, SUNMAY:sunmay12"]
[Result "0-1"]
[ICCResult "White resigns"]
[WhiteElo "1061"]
[BlackElo "1320"]
[Opening "English: Carls' Bremen system"]
[ECO "A22"]
[NIC "EO.10"]
[Time "21:00:46"]
[PlyCount "86"]
[TimeControl "1800+10"]

1. c4 e5 2. Nc3 Nf6 3. g3 Bc5 4. Bg2 O-O 5. e3 c6 6. Nge2 d5 7. cxd5 cxd5 8.
O-O Nc6 9. b3 d4 10. exd4 exd4 11. Ne4 d3 12. Nxc5 dxe2 13. Qxe2 Qd4 14. Rb1
Qxc5 15. Bb2 Qf5 16. a3 Qe6 17. Qd3 Qf5 18. Qxf5 Bxf5 19. Rbd1 Be4 20. f3
Bc2 21. Rc1 Bxb3 22. f4 Bd5 23. Bh3 Rad8 24. d3 Be6 25. f5 Bb3 26. Rc3 Ba4
27. Rf4 Nd5 28. Rxa4 Nxc3 29. Bxc3 Rxd3 30. Be1 Re8 31. Bf2 a5 32. Bf1 Rb3
33. Bc4 Rb1+ 34. Kg2 b5 35. Bd3 Rb3 36. Re4 Rxe4 37. Bxe4 Ne5 38. Bd4 Nc4
39. a4 bxa4 40. Bd5 Ne3+ 41. Bxe3 Rxe3 42. h3 a3 43. Ba2 Re2+ {White
resigns} 0-1